Map: Heavy Artillery LE

Players

qqq - Winner!

  • Race: Zerg Zerg
  • Spawn Location: 7:00

Massa - Winner!

  • Race: Terran Terran
  • League: Platinum
  • Spawn Location: 7:00

Adaś

  • Race: Protoss Protoss
  • Spawn Location: 3:00

froniu

  • Race: Protoss Protoss
  • League: Platinum
  • Spawn Location: 1:00

VOD

Have the link to the VOD?

Description

Time

  • Played on: Nov. 17, 2020, 3:18 p.m.
  • Length: 14:18
Show
View Real Time Build Order
Export as new Build Order

qqq Zerg - Winner!

Build Orders: Hatch First 

Get SALT Encoding   

  12  0:01  Drone  
  13  0:08  Drone  
  14  0:36  Hatchery  
  13  0:44  Overlord  
  13  0:49  Drone  
  14  1:03  Drone x2  
  16  1:16  Spawning Pool  
  15  1:19  Drone  
  16  1:28  Drone  
  16  1:29  Drone  
  18  1:49  Drone  
  18  1:52  Drone  
  19  1:56  Drone, Extractor  
  19  2:02  Drone  
  19  2:07  Queen  
  22  2:11  Queen  
  22  2:14  Drone  
  25  2:17  Drone  
  26  2:26  Drone  
  26  2:27  Drone  
  28  2:31  Overlord  
  28  2:54  Hatchery  
  27  2:58  Drone  
  27  2:59  Drone x2  
  27  3:01  Drone x2  
  32  3:10  Lair  
  32  3:14  Extractor  
  32  3:16  Extractor  
  32  3:17  Extractor  
  29  3:22  Drone x3  
  29  3:24  Overlord  
  32  3:29  Drone  
  32  3:31  Drone  
  32  3:33  Drone  
  35  3:34  Drone  
  35  3:39  Overlord  
  36  3:49  Drone x3  
  36  3:51  Overlord  
  39  3:56  Drone  
  39  4:00  Drone x2  
  39  4:02  Drone  
  43  4:04  Drone  
  43  4:08  Drone  
  45  4:21  Hatchery  
  44  4:28  Spire  
  43  4:32  Drone x2  
  43  4:34  Drone  
  43  4:38  Drone x2  
  48  4:39  Drone  
  48  4:44  Drone  
  48  4:45  Drone  
  51  4:59  Overlord  
  51  5:01  Drone  
  51  5:02  Drone x4  
  51  5:05  Extractor  
  51  5:06  Extractor  
  54  5:08  Drone x3, Overlord  
  54  5:09  Overlord  
  57  5:17  Drone  
  57  5:20  Overlord x2  
  58  5:27  Infestation Pit  
  57  5:28  Drone  
  57  5:29  Drone  
  57  5:30  Queen  
  61  5:43  Mutalisk x2, Corruptor x2  
  61  5:47  Queen  
  61  5:49  Drone  
  73  5:50  Drone  
  73  5:51  Drone  
  73  5:53  Drone  
  73  5:55  Mutalisk  
  77  5:59  Zerg Flyer Weapons Level 1  
  77  6:02  Corruptor  
  79  6:09  Hive  
  79  6:10  Drone  
  79  6:11  Drone  
  81  6:12  Drone  
  81  6:16  Mutalisk  
  81  6:17  Mutalisk  
  86  6:28  Mutalisk x2  
  86  6:29  Corruptor  
  91  6:37  Mutalisk x2, Overlord  
  91  6:39  Drone x4  
  99  6:41  Drone x2  
  101  6:51  Mutalisk  
  101  6:53  Overlord x2  
  103  6:54  Overlord  
  103  7:04  Drone x3  
  103  7:05  Drone  
  107  7:17  Mutalisk x3  
  107  7:18  Mutalisk  
  113  7:26  Hatchery, Spore Crawler  
  113  7:27  Mutalisk x4, Spore Crawler  
  113  7:28  Mutalisk  
  104  7:38  Mutalisk x3  
  104  7:43  Drone x5  
  108  7:46  Queen  
  104  7:52  Mutalisk x2  
  104  7:54  Zerg Flyer Armor Level 1  
  104  7:56  Drone x3  
  109  8:03  Drone x3  
  112  8:07  Extractor x2  
  112  8:11  Mutalisk x2  
  114  8:15  Viper  
  117  8:28  Corruptor  
  117  8:29  Corruptor  
  117  8:31  Drone x2  
  117  8:33  Hatchery  
  122  8:42  Corruptor x2  
  122  8:44  Drone x3  
  129  8:56  Queen  
  129  8:57  Drone x2  
  129  9:02  Hatchery  
  132  9:04  Overlord x3  
  132  9:05  Overlord x2  
  132  9:06  Mutalisk x2, Corruptor  
  132  9:07  Hatchery, Corruptor  
  139  9:13  Viper  
  142  9:22  Drone x2  
  142  9:23  Drone x3  
  147  9:31  Overlord x2  
  147  9:32  Mutalisk x3  
  153  9:47  Zerg Flyer Weapons Level 2  
  153  9:56  Mutalisk x5  
  145  10:20  Mutalisk x3  
  145  10:21  Mutalisk x2  
  136  10:22  Drone x4  
  136  10:23  Drone x5  
  149  10:30  Viper  
  149  10:33  Drone  
  153  10:36  Spore Crawler  
  153  10:37  Spine Crawler  
  153  10:39  Spine Crawler, Spore Crawler  
  153  10:41  Extractor  
  148  10:47  Drone x5  
  153  10:51  Drone x3  
  153  10:53  Drone  
  153  10:54  Drone x2  
  153  10:55  Queen  
  153  10:56  Mutalisk x2, Corruptor  
  165  10:57  Viper  
  170  11:08  Drone  
  170  11:09  Drone x3  
  170  11:10  Mutalisk  
  170  11:11  Corruptor x2  
  176  11:17  Ultralisk Cavern  
  179  11:19  Evolution Chamber  
  179  11:20  Evolution Chamber  
  177  11:35  Drone x2  
  177  11:36  Drone x8  
  177  11:37  Drone x5  
  177  11:39  Spore Crawler  
  191  11:40  Spine Crawler x2  
  191  11:42  Spine Crawler  
  191  11:43  Spine Crawler, Spore Crawler x2  
  191  11:44  Spine Crawler  
  191  11:45  Spine Crawler  
  191  11:47  Spine Crawler x2, Spore Crawler  
  182  11:48  Drone x3  
  183  12:00  Drone x3  
  183  12:01  Drone  
  187  12:16  Drone x3, Spine Crawler  
  187  12:18  Ultralisk, Spore Crawler  
  187  12:20  Corruptor x3  
  200  13:01  Extractor  
  199  13:15  Hatchery  
Show
View Real Time Build Order
Export as new Build Order

Massa Terran - Winner!

Build Orders:  

Get SALT Encoding   

  12  0:00  SCV  
  13  0:12  SCV  
  14  0:24  SCV  
  14  0:25  Supply Depot  
  15  0:34  Refinery  
  15  0:46  SCV  
  15  0:48  Barracks  
  16  0:59  SCV  
  17  1:11  SCV  
  18  1:23  SCV  
  19  1:35  SCV  
  19  1:39  Reaper  
  21  1:43  Command Center  
  21  1:49  Orbital Command  
  21  2:12  Barracks Reactor  
  21  2:19  SCV  
  22  2:31  SCV  
  23  2:37  Factory  
  23  2:38  Supply Depot  
  23  2:48  Supply Depot  
  23  2:55  SCV  
  24  3:29  Marine x2  
  24  3:30  Factory Tech Lab  
  24  3:31  Orbital Command  
  24  3:32  SCV  
  27  3:37  Engineering Bay  
  27  3:44  SCV  
  27  3:45  Refinery  
  27  3:47  Barracks, Command Center  
  28  3:56  SCV x2  
  30  4:05  Cyclone  
  30  4:08  SCV, Marine x2  
  36  4:20  Command Center  
  36  4:26  Starport, Marine x2  
  36  4:30  SCV x2  
  40  4:37  Cyclone  
  43  4:40  Missile Turret  
  43  4:42  SCV  
  43  4:43  Missile Turret  
  44  5:17  Cyclone  
  44  5:19  Barracks Tech Lab  
  44  5:20  Marine x2  
  49  5:26  SCV x2  
  51  5:34  Terran Infantry Weapons Level 1  
  51  5:37  Marine  
  51  5:38  SCV x2  
  51  5:39  Barracks  
  51  5:40  Stimpack  
  54  5:46  Barracks  
  54  5:47  Barracks  
  54  5:50  SCV  
  54  5:56  Armory  
  55  6:03  SCV x4  
  59  6:08  Missile Turret  
  59  6:15  SCV x4  
  59  6:16  Marine x2  
  59  6:17  Marauder  
  67  6:27  SCV x4  
  71  6:34  Marine  
  72  6:44  Orbital Command  
  72  6:48  Missile Turret  
  72  6:53  Orbital Command  
  72  6:58  Missile Turret x2  
  72  7:00  Missile Turret  
  72  7:05  SCV x2, Missile Turret  
  70  7:17  SCV x2  
  70  7:20  Missile Turret x2  
  69  7:29  SCV, Starport Reactor  
  70  7:30  Barracks Reactor x2  
  70  7:32  Marine  
  70  7:33  Marine x3  
  70  7:35  Combat Shield  
  74  7:38  Thor  
  80  7:45  Factory  
  80  7:47  Refinery  
  80  7:48  Refinery  
  80  7:50  Marine  
  80  7:51  Marine x3  
  84  7:57  Refinery x3  
  84  8:02  Refinery  
  84  8:10  Terran Infantry Armor Level 1, Supply Depot  
  84  8:11  Supply Depot x2  
  84  8:13  Supply Depot  
  84  8:15  Supply Depot  
  84  8:32  SCV x2, Marine x8  
  84  8:33  SCV x2  
  96  8:36  Supply Depot  
  96  8:44  SCV x2, Thor  
  96  8:45  SCV x2  
  106  8:48  Factory  
  106  8:49  Marine  
  106  8:50  Marine  
  106  8:55  Factory  
  108  8:56  Factory Tech Lab, SCV x2  
  108  8:57  SCV x2  
  112  9:02  Terran Vehicle And Ship Armor Level 1  
  112  9:06  Armory  
  112  9:14  Marauder, Marine x4  
  112  9:15  Marine, Engineering Bay  
  119  9:22  Marine  
  121  9:32  Marine x5  
  121  9:35  Marauder  
  127  9:41  Concussive Shells  
  127  9:43  SCV x4  
  127  9:44  Barracks Tech Lab  
  131  9:54  Factory Tech Lab x2  
  131  9:55  SCV  
  132  10:04  Terran Infantry Weapons Level 2  
  132  10:05  Supply Depot x2  
  132  10:06  Supply Depot  
  132  10:07  Supply Depot  
  132  10:08  Supply Depot  
  132  10:09  Supply Depot  
  132  10:17  Command Center  
  132  10:26  Thor  
  132  10:27  SCV x3, Thor x2  
  132  10:28  Marauder, Medivac x2  
  155  10:29  Thor, Supply Depot  
  155  10:34  Terran Infantry Armor Level 2, Supply Depot  
  165  10:36  Terran Vehicle Weapons Level 1  
  165  10:48  SCV x4  
  165  10:49  Marauder  
  171  10:57  Terran Vehicle And Ship Armor Level 2  
  171  10:58  Medivac x2  
  175  11:11  Marauder  
  177  11:13  Supply Depot  
  177  11:14  Supply Depot x2  
  177  11:16  Supply Depot  
  177  11:25  Thor  
  177  11:26  Thor x2  
  177  11:28  Medivac x2  
  177  11:29  Smart Servos  
  177  11:32  Drilling Claws  
  199  11:39  Supply Depot  
  199  11:40  Supply Depot  
  199  11:41  Supply Depot  
  199  11:42  Supply Depot  
  199  12:05  Supply Depot  
  199  12:07  Supply Depot  
  196  12:40  Barracks x3  
  196  12:47  Factory x2  
  196  12:49  Factory  
Show
View Real Time Build Order
Export as new Build Order

Adaś Protoss 

Build Orders:  

Get SALT Encoding   

  12  0:00  Probe  
  13  0:12  Probe  
  14  0:24  Pylon  
  14  0:27  Probe  
  15  0:42  Probe  
  16  0:47  Assimilator  
  16  0:56  Gateway  
  16  0:59  Forge  
  16  1:05  Probe  
  17  1:17  Probe  
  18  1:22  Assimilator  
  18  1:29  Probe  
  19  1:36  Photon Cannon  
  19  1:41  Probe  
  20  1:49  Cybernetics Core  
  20  1:52  Pylon  
  20  1:55  Probe  
  20  2:07  Probe  
  21  2:19  Probe  
  22  2:31  Probe  
  22  2:35  Stargate  
  23  2:49  Nexus  
  23  2:52  Probe  
  24  3:01  Stalker  
  26  3:07  Probe  
  27  3:15  Void Ray  
  27  3:19  Probe  
  31  3:30  Pylon  
  31  3:48  Probe  
  32  3:52  Stargate  
  32  3:56  Stargate  
  32  4:00  Probe  
  33  4:07  Photon Cannon  
  33  4:12  Probe  
  33  4:13  Void Ray  
  34  4:22  Probe  
  39  4:24  Probe  
  40  4:34  Probe  
  40  4:36  Probe  
  42  4:40  Assimilator  
  42  4:44  Assimilator  
  42  4:48  Probe, Void Ray  
  42  4:49  Probe  
  48  5:06  Probe  
  50  5:07  Probe  
  50  5:14  Pylon  
  50  5:15  Protoss Air Weapons Level 1  
  50  5:22  Photon Cannon  
  50  5:23  Void Ray  
  50  5:34  Pylon  
  54  5:38  Void Ray  
  54  5:39  Probe x2  
  60  5:51  Probe x2  
  62  6:03  Probe  
  63  6:07  Fleet Beacon  
  63  6:13  Photon Cannon  
  63  6:17  Probe  
  64  6:21  Void Ray  
  68  6:34  Pylon  
  68  6:37  Pylon  
  68  6:42  Pylon  
  68  6:46  Void Ray x2  
  68  6:48  Probe  
  68  6:49  Probe  
  78  7:08  Flux Vanes  
  78  7:23  Protoss Air Armor Level 1  
  64  7:55  Phoenix x2  
  64  7:57  Phoenix  
  62  8:14  Probe, Void Ray  
  62  8:15  Void Ray  
  62  8:16  Probe, Void Ray  
  64  8:21  Nexus  
  64  8:26  Probe  
  77  8:27  Assimilator  
  77  8:28  Probe  
  77  8:30  Assimilator  
  78  8:39  Probe  
  78  8:40  Probe  
  80  8:51  Probe  
  80  8:52  Probe  
  80  8:53  Void Ray  
  82  8:57  Phoenix  
  82  8:58  Phoenix, Pylon  
  82  9:01  Pylon  
  90  9:03  Probe  
  90  9:04  Probe, Pylon  
  92  9:16  Void Ray  
  92  9:20  Anion Pulse-Crystals  
  92  9:22  Phoenix  
  98  9:25  Probe  
  98  9:27  Probe  
  100  9:36  Phoenix  
  100  9:37  Probe  
  103  9:39  Probe  
  103  9:43  Photon Cannon  
  103  9:44  Photon Cannon  
  104  9:47  Pylon  
  104  9:49  Probe  
  104  9:51  Probe, Phoenix  
  108  9:53  Void Ray  
  112  10:01  Probe  
  112  10:03  Probe  
  114  10:13  Probe  
  93  10:15  Probe  
  93  10:19  Protoss Air Weapons Level 2  
  84  10:35  Carrier  
  84  10:44  Shield Battery  
  84  10:46  Shield Battery  
  84  11:03  Pylon  
  84  11:11  Stargate  
  84  11:18  Stargate  
  84  11:20  Stargate  
  84  11:38  Pylon  
  84  11:39  Void Ray  
  84  11:40  Void Ray x2  
  96  12:18  Phoenix x2  
  96  12:19  Phoenix  
  102  12:22  Phoenix  
  102  12:23  Phoenix x2  
  108  12:42  Nexus  
  108  12:43  Phoenix  
  110  12:48  Phoenix x4  
  118  13:19  Pylon  
  118  13:27  Assimilator  
Show
View Real Time Build Order
Export as new Build Order

froniu Protoss 

Build Orders: 1 Gate Expand 

Get SALT Encoding   

  12  0:02  Probe  
  13  0:19  Pylon  
  13  0:22  Probe  
  14  0:30  Assimilator  
  14  0:37  Probe  
  15  0:50  Gateway  
  15  0:54  Probe  
  16  1:06  Probe  
  17  1:18  Probe  
  18  1:30  Nexus  
  18  1:39  Cybernetics Core  
  18  1:42  Probe  
  19  1:54  Pylon  
  19  2:07  Assimilator  
  19  2:09  Probe  
  19  2:14  Assimilator  
  20  2:20  Adept  
  20  2:22  Probe  
  23  2:29  Twilight Council  
  23  2:38  Probe  
  24  2:45  Gateway  
  24  2:49  Probe  
  24  2:50  Probe  
  26  2:53  Adept  
  28  3:32  Probe  
  28  3:33  Probe  
  30  3:40  Adept x2  
  34  3:43  Resonating Glaives  
  34  3:44  Probe  
  34  3:45  Probe  
  36  4:01  Gateway  
  36  4:10  Pylon, Stalker x2  
  40  4:20  Warp Gate  
  40  4:40  Adept x2  
  40  4:41  Probe x2  
  46  4:53  Probe x2  
  46  5:10  Zealot x2, Adept  
  52  5:18  Pylon  
  52  5:23  Probe x2  
  54  5:36  Probe x2  
  54  5:37  Zealot, Stalker  
  54  5:40  Stalker  
  62  6:01  Pylon  
  62  6:03  Pylon  
  62  6:04  Pylon  
  62  6:18  Stalker  
  62  6:19  Probe x2, Sentry x2  
  70  6:31  Probe x2  
  62  6:43  Probe  
  63  6:49  Zealot  
  63  6:53  Blink  
  65  6:57  Probe x2  
  67  7:09  Probe  
  66  7:16  Zealot  
  68  7:43  Zealot  
  70  7:48  Zealot x2  
  74  8:03  Gateway  
  74  8:05  Gateway  
  74  8:06  Gateway  
  74  8:26  Sentry  
  76  8:32  Stalker x2  
  80  9:02  Pylon  
  80  9:06  Pylon  
  80  9:10  Pylon  
  80  9:16  Shield Battery  
  80  9:29  Assimilator  
  80  10:09  Nexus  
  80  10:42  Stalker x3  
  86  10:43  Stalker x2  
  86  10:44  Stalker  
  86  10:49  Pylon  
  92  10:52  Pylon  
  92  10:57  Assimilator  
  92  11:02  Probe x2, Assimilator  
  94  11:14  Probe  
  94  11:15  Probe  
  94  11:16  Pylon  
  96  11:25  Shield Battery  
  96  11:26  Probe  
  96  11:27  Probe  
  98  11:38  Probe  
  98  11:39  Probe  
  100  11:46  Nexus  
  100  11:48  Forge  
  100  11:50  Probe  
  100  11:51  Probe  
  100  11:53  Forge  
  101  12:01  Templar Archives  
  101  12:19  Stalker x2  
  101  12:20  Stalker x4  
  111  12:53  Pylon  
  111  13:00  Pylon  
  111  13:15  Probe  
  111  13:16  Probe x3  
  113  13:27  Probe  
  113  13:28  Probe x2  
  117  13:39  Probe  
  117  13:40  Probe x2  
  103  13:51  Probe  
  103  13:52  Probe x2  
  76  14:03  Probe  
  76  14:04  Probe x2  
Tags
 
Add a new tag
Caveats
  • Supply blocks, unpowered buildings, or Contaminate may cause inaccurate times.
  • Supply counts are checked every 10 seconds.